 Dungeon Crawl Stone Soup version 0.28.0-53-g5a82cb258f (webtiles) character file.

Game seed: 2511938393153105280

250 wingedge the Shield-Bearer (level 6, -4/53 HPs)
             Began as a Hill Orc Fighter on May 24, 2022.
             Was an Initiate of Beogh.
             Killed from afar by a steam dragon (8 damage)
             ... with a ball of steam
             ... on level 3 of the Dungeon.
             The game lasted 00:12:02 (3009 turns).

wingedge the Shield-Bearer (Hill Orc Fighter)       Turns: 3009, Time: 00:12:03

Health: -4/53      AC:  7    Str: 19    XL:     6   Next: 13%
Magic:  6/6        EV:  9    Int:  8    God:    Beogh [......]
Gold:   93         SH: 10    Dex: 12    Spells: 5/5 levels left

rFire   . . .      SeeInvis .   m - +3 whip (drain)
rCold   . . .      Faith    .   c - +0 buckler
rNeg    + . .      Spirit   .   b - +0 scale mail
rPois   .          Reflect  +   (no helmet)
rElec   .          Harm     .   (no cloak)
rCorr   .          Rampage  .   (no gloves)
Will    +....                   (no boots)
Stlth   ..........              k - amulet of reflection
HPRegen 0.17/turn               h - ring of positive energy
MPRegen 0.10/turn               q - ring of willpower

@: no status effects
A: no striking features
a: Renounce Religion


You were on level 3 of the Dungeon.
You worshipped Beogh.
Beogh was noncommittal.
You visited 1 branch of the dungeon, and saw 3 of its levels.

You collected 93 gold pieces.

Inventory:

Hand Weapons
 a - a +0 war axe
 j - a +0 hunting sling
 l - a +2 spear of flaming
 m - a +3 whip of draining (weapon)
Missiles
 e - 30 bolts
 f - 45 arrows
 p - 10 poisoned darts (quivered)
Armour
 b - a +0 scale mail (worn)
 c - a +0 buckler (worn)
Jewellery
 h - a ring of positive energy (left hand)
 k - an amulet of reflection (around neck)
 q - a ring of willpower (right hand)
Wands
 d - a wand of charming (4)
 r - a wand of polymorph (8)
Scrolls
 g - 2 scrolls of teleportation {unknown}
 i - a scroll of fear {unknown}
 n - a scroll of torment {unknown}
 o - 3 scrolls of identify
Potions
 s - a potion of mutation {unknown}


   Skills:
 + Level 4.5 Fighting
 - Level 3.9(4.4) Axes
 * Level 1.2(2.3) Maces & Flails
 - Level 2.1(3.0) Polearms
 + Level 4.1 Armour
 * Level 4.9 Shields
 + Level 0.5 Evocations


You had 5 spell levels left.
You didn't know any spells.
Your spell library was empty.

Dungeon Overview and Level Annotations

Branches:
Dungeon (3/15)

Altars:
Ashenzari


Message History

You swap places.
You now have 93 gold pieces (gained 10).
You see here an adder corpse.
A steam dragon is nearby!
Press: ? - help, v - describe, . - travel The floor.
The steam dragon hisses angrily.
The steam dragon barely misses you. You block the steam dragon's attack.
You closely miss the steam dragon.
The steam dragon bites you but does no damage.
The steam dragon closely misses you.
You closely miss the steam dragon. The steam dragon bites you!
The steam dragon claws you.
You hit the steam dragon.
The steam dragon is lightly wounded.
You block the steam dragon's attack. The steam dragon claws you.
You hit the steam dragon but do no damage.
The steam dragon is lightly wounded.
The steam dragon breathes steam at you. The ball of steam misses you.
You whack the steam dragon! You drain the steam dragon.
The steam dragon is heavily wounded.
You are engulfed in a cloud of scalding steam.
You block the steam dragon's attack. x2
You whack the steam dragon!
The steam dragon is severely wounded.
You are engulfed in a cloud of scalding steam.
The steam dragon breathes steam at you. The ball of steam hits you!!
* * * LOW HITPOINT WARNING * * *
Okay, then.
Aiming: Charm
Press: ? - help, Shift-Dir - straight line, f - steam dragon
Aim: a steam dragon (severely wounded, lightly drained, chance to affect: 54%)
The steam dragon resists with significant effort.
You are engulfed in a cloud of scalding steam.
* * * LOW HITPOINT WARNING * * *
The steam dragon breathes steam at you. The ball of steam hits you!
You die...

##.#.#.#.#.# #######............
#...#..'.#.# ###............
#[.....'...#######.#.###'#####.#
#...#..'..).....................
##.#.#.#.####..###.#...........#
####.⌠.##.# ##.###.##.###...####
#<.#####).# #..##....# #...#
.......#)## ##D####### #...#
..#..K.#)######.@..#######...####
..##...#)#....§§.................
.......#.)..###..§..######.†###..
.###..##.......§§...######.####..
.............####.#.#............
#########....##..§§.#.##.....####
.......###.#.##.##..#.....⌠.##...
.#####.# #.#.##.##..#.#..†.##....
.# #.# #.#.##.###.#.##..##..._.


You could see a steam dragon (catching breath, drained).

Vanquished Creatures
  A kobold brigand (D:3)
  An orc wizard (D:3)
  The ghost of OhItsWolfy the Skirmisher, a weakling HOFi (D:3)
  4 adders
  An adder skeleton (D:2)
  2 worms (D:3)
  A dart slug (D:2)
  An orc (D:3)
  7 endoplasms
  A giant cockroach (D:3)
  7 hobgoblins
  6 jackals
  2 quokkas
  4 ball pythons
  8 bats
  3 frilled lizards
  6 goblins
  14 kobolds
  6 rats
76 creatures vanquished.

Vanquished Creatures (others)
  An orc wizard (D:3)
  An orc (D:3)
2 creatures vanquished.

Grand Total: 78 creatures vanquished

Notes
Turn   | Place    | Note
-------+----------+-------------------------------------------
     0 | D:1      | wingedge the Hill Orc Fighter began the quest for the Orb.
     0 | D:1      | Reached XP level 1. HP: 19/19 MP: 1/1
   285 | D:1      | Reached XP level 2. HP: 26/27 MP: 2/2
   348 | D:1      | Found a faded altar of an unknown god.
   618 | D:1      | Reached XP level 3. HP: 33/33 MP: 3/3
  1372 | D:2      | Reached XP level 4. HP: 40/40 MP: 4/4
  1852 | D:3      | Noticed a steam dragon
  1997 | D:3      | Found a runed translucent gate.
  1997 | D:3      | Found a runed translucent gate.
  1997 | D:3      | Found a runed translucent gate.
  2009 | D:3      | Noticed a kobold brigand
  2010 | D:3      | Noticed OhItsWolfy's ghost (weakling HOFi)
  2056 | D:3      | Killed a kobold brigand
  2057 | D:3      | Reached skill level 1 in Polearms
  2057 | D:3      | Reached XP level 5. HP: 28/46 MP: 5/5
  2070 | D:3      | Killed OhItsWolfy's ghost
  2415 | D:3      | Found a faded altar of an unknown god.
  2419 | D:3      | Found a broken altar of Ashenzari.
  2821 | D:3      | Became a worshipper of Beogh the Brigand
  2830 | D:3      | Reached XP level 6. HP: 44/53 MP: 6/6
  2835 | D:3      | Reached skill level 1 in Maces & Flails
  3009 | D:3      | Killed from afar by a steam dragon

Illustrated notes

Levels and vault maps discovered:
D:1:      minmay_arrival_split_and_join, layout_rooms,
          hellmonk_ecumenical_altar_inner_sanctum,
          nicolae_concentric_dashed_squares_wild
D:2:      layout_loops_ring, serial_bayou_crossing
D:3:      layout_basic, nicolae_overflow_ecumenical_swirl,
          gammafunk_ghost_nasty_kobolds, minmay_ruptured

Skill      XL: |  1  2  3  4  5  6 |
---------------+-------------------+-----
Axes           | 3 |  3.9
Fighting       | 4 |  4.5
Shields        | 4 |  4.9
Polearms       | 1 2 |  2.1
Armour         | 4 |  4.1
Maces & Flails | 1 |  1.2
Evocations     | |  0.5

Action                   |  1- 3 |  4- 6 || total
-------------------------+-------+-------++-------
Melee: War axe           |    95 |       ||    95
       Spear             |     3 |    66 ||    69
       Whip              |       |    63 ||    63
Invok: Convert to Beogh  |       |     1 ||     1
Evoke: Wand              |       |     1 ||     1
  Use: Potion            |       |     2 ||     2
       Scroll            |       |     1 ||     1
Armor: Scale mail        |    64 |    31 ||    95
Dodge: Dodged            |    56 |    38 ||    94
Block: Buckler           |    27 |    46 ||    73
       Reflection        |       |     1 ||     1
